 Dungeon Crawl Stone Soup version 0.30.0-29-ga12c61a403 (webtiles) character file.

Game seed: 1666530426136620139

30034 qw the Cleaver (level 13, -5/82 HPs)
             Began as a Gargoyle Fighter on June 3, 2023.
             Was an Elder of Okawaru.
             Slain by a polar bear (12 damage)
             ... on level 5 of the Lair of Beasts.
             The game lasted 00:07:31 (13538 turns).

qw the Cleaver (Gargoyle Fighter)                  Turns: 13538, Time: 00:07:31

Health: -5/82      AC: 36    Str: 25    XL:     13   Next: 49%
Magic:  15/20      EV: 10    Int:  9    God:    Okawaru [****..]
Gold:   667        SH: 19    Dex: 15    Spells: 12/12 levels left

rFire   . . .        y - +0 broad axe
rCold   . . .        f - +0 kite shield
rNeg    + + +        h - +0 plate armour
rPois   inf          l - +2 hat of the First Gazing Loafs {rN+ Will+}
rElec   +            k - +2 cloak
rCorr   .            A - +0 pair of gloves
SInv    .            u - +2 pair of boots
Will    +....        o - amulet of reflection Stlth
                     i - ring of positive energy
HPRegen 0.33/turn    v - +6 ring of dexterity
MPRegen 0.17/turn

%: reflection
@: about to teleport, heroic, finesse-ful, slowed, very slow
A: sickness immunity, AC +9, negative energy resistance 1, electricity
resistance, torment resistance 1, petrification resistance
a: Renounce Religion, Heroism, Finesse


You were on level 5 of the Lair of Beasts.
You worshipped Okawaru.
Okawaru was greatly pleased with you.
You visited 3 branches of the dungeon, and saw 16 of its levels.
You also visited: Sewer.

You collected 1087 gold pieces.
You spent 420 gold pieces at shops.


Innate Abilities, Weirdness & Mutations

You are immune to sickness and miasma.
Your stone body is resilient. (AC +9)
You are immune to poison.
You resist negative energy. (rN+)
You are resistant to electric shocks. (rElec)
You are resistant to unholy torment.
You are immune to petrification.


   Skills:
 - Level 10.0(15.0) Fighting
 - Level 12.6(17.6) Axes
 + Level 4.1(9.1) Throwing
 - Level 9.0(14.0) Armour
 - Level 3.2(8.2) Dodging
 - Level 10.8(15.8) Shields
 - Level 10.0 Invocations


You had 12 spell levels left.
You didn't know any spells.
Your spell library was empty.

Inventory:

Hand Weapons
 y - a +0 broad axe (weapon)
 B - a +0 demon whip of venom
Missiles
 m - 9 boomerangs
 z - a silver javelin (quivered)
Armour
 f - a +0 kite shield (worn)
 h - a +0 plate armour (worn)
 k - a +2 cloak (worn)
 l - the +2 hat of the First Gazing Loafs (worn) {rN+ Will+}
   (You acquired it on level 2 of the Lair of Beasts)

   rN:        It protects you from negative energy.
   Will:      It increases your willpower.
 p - the +5 chain mail of the Cicada {Harm rF+ Slay+2}
   (You found it on level 3 of the Dungeon)

   Slay:      It affects your accuracy & damage with ranged weapons and melee
   (+2).
   rF:        It protects you from fire.
   Harm:      It increases damage dealt and taken.
 u - a +2 pair of boots (worn)
 w - a +2 scale mail of cold resistance
 x - a +2 helmet
 A - a +0 pair of gloves (worn)
Jewellery
 g - a ring of ice
 i - a ring of positive energy (left hand)
 o - an amulet of reflection (around neck)
 v - a +6 ring of dexterity (right hand)
Scrolls
 e - 8 scrolls of teleportation
 r - 4 scrolls of identify
Potions
 a - 3 potions of heal wounds
 b - 6 potions of curing
 c - a potion of resistance
 d - 4 potions of might
 j - a potion of lignification
 n - 3 potions of magic
 q - 4 potions of haste
 s - a potion of attraction
 t - a potion of cancellation

Dungeon Overview and Level Annotations

Branches:
Dungeon (10/15)            Temple (1/1) D:5            Lair (5/5) D:10
 Shoals (0/4) Lair:2        Snake (0/4) Lair:2          Orc (0/2) D:9
  Sewer (visited)
  Slime: Lair:4-5

Altars:
Ashenzari
Cheibriados
Dithmenos
Elyvilon
Fedhas
Gozag
Hepliaklqana
Kikubaaqudgha
Makhleb
Nemelex Xobeh
Okawaru
Qazlal
Ru
Sif Muna
Trog
Uskayaw
Vehumet
Wu Jian
Xom
Yredelemnul
Zin
The Shining One

Shops:
D:6 (   D:8 *(


Message History

You slash the polar bear!
The polar bear is almost dead.
You slash the vampire mosquito! You barely miss the water moccasin.
You block the polar bear's attack.
The polar bear claws you but does no damage. x2
The water moccasin misses you.
You block the vampire mosquito's attack.
The polar bear bites you!! The polar bear claws you.
The polar bear claws you but does no damage.
The vampire mosquito bites you but does no damage.
The water moccasin barely misses you.
You hit the polar bear but do no damage.
The polar bear is almost dead.
You barely miss the water moccasin. You slash the vampire mosquito!
You destroy the vampire mosquito!
Okawaru accepts your kill.
You can now enter into single combat with a foe.
Okawaru will now gift you equipment as you gain piety.
The polar bear bites you but does no damage.
You block the polar bear's attack. The polar bear closely misses you.
You block the water moccasin's attack.
13537 ||| INVOKING Finesse.
You can now deal lightning-fast blows.
You can no longer enter into single combat with a foe.
Okawaru will no longer gift you equipment.
You block the polar bear's attack. x3; The water moccasin closely misses you.
The polar bear closely misses you. You block the polar bear's attack.
The polar bear claws you but does no damage.
The water moccasin bites you but does no damage.
The polar bear bites you!!
The polar bear claws you but does no damage. x2
13538 ||| READING 9 scrolls of teleportation.
As you read the scroll of teleportation, it crumbles to dust.
You feel strangely unstable.
The water moccasin bites you but does no damage.
The polar bear bites you! You block the polar bear's attack. x2
The water moccasin barely misses you.
A polar bear comes into view.
The polar bear bites you!
You die...

P.##. .. . ..... ..
##. #...##.##.
...###P..#..P..
#...#..D.............
.......)......P......
.#.....)S........P..
#......@h.....hPPP# #
####..%.%..#.#....##P#
##P..##.#........P#
###....#.........#
#....<.<.....#
##..#...#.P.##
#.##..###### ###.###
###


You could see a five-headed hydra, 2 polar bears and a water moccasin.

Vanquished Creatures
  Josephine (Lair:5)
  A hydra (Lair:3)
  2 catoblepae (Lair:3)
  Amaemon (Lair:3)
  An oklob plant (Lair:3)
  2 cyclopes (D:9)
  Pikel (D:6)
  2 manticores (Lair:3)
  6 elephants (Lair:2)
  3 black mambas
  A torpor snail (Lair:2)
  5 cane toads
  An orange demon (Lair:3)
  8 komodo dragons
  4 rime drakes
  2 polar bears
  13 blink frogs
  31 yaks
  3 shadows
  2 wraiths (Lair:5)
  5 steam dragons
  Eustachio (D:5)
  3 wyverns
  A basilisk (Lair:3)
  A vampire mosquito (Lair:5)
  Menkaure (D:7)
  2 acid dragons
  11 water moccasins
  2 sky beasts
  3 black bears
  3 orc warriors (D:9)
  2 ogres
  8 wolves
  3 centaurs
  4 lemures (D:7)
  10 kobold brigands
  18 bullfrogs
  2 scorpions
  3 gnoll sergeants
  A wight (D:7)
  6 killer bees (D:8)
  A howler monkey (D:6)
  4 jellies
  2 gnoll boudas
  5 orc priests
  10 hounds
  An iron imp (D:8)
  2 sleepcaps
  Ijyb (D:4)
  4 iguanas
  4 orc wizards
  17 gnolls
  11 adders
  2 river rats (Sewer)
  2 shadow imps
  A white imp (D:7)
  2 ufetubi
  3 dart slugs
  4 worms (Sewer)
  39 orcs
  8 ball pythons
  6 endoplasms
  A giant cockroach (D:1)
  17 goblins
  6 hobgoblins
  9 jackals
  51 kobolds
  A quokka (D:5)
  4 bats
  3 frilled lizards
  3 rats
404 creatures vanquished.

Vanquished Creatures (others)
  An orc (D:9)
1 creature vanquished.

Grand Total: 405 creatures vanquished

Notes
Turn   | Place    | Note
-------+----------+-------------------------------------------
     0 | D:1      | qw the Gargoyle Fighter began the quest for the Orb.
     0 | D:1      | Reached XP level 1. HP: 14/14 MP: 1/1
     0 | D:1      | 0 ||| qw: Version: 0.2-a-103-g5a998e5
     0 | D:1      | 0 ||| qw: Game counter: 1067
     0 | D:1      | 0 ||| qw: Always use a shield: true
     0 | D:1      | 0 ||| qw: God list: Okawaru
     0 | D:1      | 0 ||| qw: Allow faded altars: false
     0 | D:1      | 0 ||| qw: Do Orc after D:15 true
     0 | D:1      | 0 ||| qw: Do second Lair branch before Depths: true
     0 | D:1      | 0 ||| qw: Lair rune preference: random
     0 | D:1      | 0 ||| qw: Plans: Normal, Zot:1-4, Slime:5, God:TSO, Crypt,
                  | Tomb, Pan, Hells, Abyss, Win
     0 | D:1      | 0 ||| PLANNING D:1-11
    18 | D:1      | 18 ||| Stepping ~*~*~tactically~*~*~ (stealth).
    26 | D:1      | 26 ||| Stepping ~*~*~tactically~*~*~ (hiding).
    27 | D:1      | 27 ||| Stepping ~*~*~tactically~*~*~ (hiding).
    30 | D:1      | 30 ||| Stepping ~*~*~tactically~*~*~ (hiding).
    31 | D:1      | 31 ||| Stepping ~*~*~tactically~*~*~ (hiding).
    36 | D:1      | Reached skill level 2 in Axes
   164 | D:1      | 164 ||| Stepping ~*~*~tactically~*~*~ (stealth).
   172 | D:1      | Reached XP level 2. HP: 19/19 MP: 2/2
   275 | D:1      | 275 ||| FLEEEEING.
   276 | D:1      | 276 ||| FLEEEEING.
   279 | D:1      | 279 ||| FLEEEEING.
   280 | D:1      | 280 ||| FLEEEEING.
   281 | D:1      | 281 ||| FLEEEEING.
   282 | D:1      | 282 ||| FLEEEEING.
   283 | D:1      | 283 ||| FLEEEEING.
   284 | D:1      | 284 ||| FLEEEEING.
   285 | D:1      | 285 ||| FLEEEEING.
   287 | D:1      | 287 ||| FLEEEEING.
   288 | D:1      | 288 ||| FLEEEEING.
   289 | D:1      | 289 ||| FLEEEEING.
   290 | D:1      | 290 ||| FLEEEEING.
   291 | D:1      | 291 ||| FLEEEEING.
   292 | D:1      | 292 ||| FLEEEEING.
   293 | D:1      | 293 ||| FLEEEEING.
   330 | D:1      | Found a faded altar of an unknown god.
   473 | D:1      | 473 ||| Stepping ~*~*~tactically~*~*~ (stealth).
   540 | D:1      | Reached skill level 3 in Axes
   564 | D:1      | 564 ||| UPGRADING to +0 plate armour.
   574 | D:1      | 574 ||| DROPPING +0 scale mail.
   581 | D:1      | Reached XP level 3. HP: 18/23 MP: 3/3
   811 | D:1      | 811 ||| UPGRADING to ring of positive energy.
   812 | D:1      | 812 ||| READING 2 scrolls labelled MUSERO YKIC.
   813 | D:1      | 813 ||| DROPPING scroll of vulnerability.
  1060 | D:2      | Reached XP level 4. HP: 27/28 MP: 4/4
  1436 | D:2      | 1436 ||| READING 2 scrolls labelled JIETAO JUTUASO.
  1440 | D:2      | 1440 ||| READING 2 scrolls labelled UXYSAE ETAPTEK.
  1441 | D:2      | 1441 ||| DROPPING scroll of immolation.
  1469 | D:3      | Reached skill level 4 in Axes
  1548 | D:3      | 1548 ||| Stepping ~*~*~tactically~*~*~ (stealth).
  1581 | D:3      | 1581 ||| Stepping ~*~*~tactically~*~*~ (hiding).
  1586 | D:3      | 1586 ||| Stepping ~*~*~tactically~*~*~ (hiding).
  1961 | D:3      | Found an opulent altar of Gozag.
  1970 | D:3      | Found a blossoming altar of Fedhas.
  2119 | D:3      | Identified the +5 chain mail of the Cicada {Harm rF+
                  | Slay+2}
  2162 | D:3      | 2162 ||| UPGRADING to +0 cloak.
  2167 | D:3      | 2167 ||| UPGRADING to amulet of the acrobat.
  2172 | D:3      | 2172 ||| UPGRADING to amulet of reflection.
  2182 | D:3      | 2182 ||| DROPPING amulet of the acrobat.
  2183 | D:3      | 2183 ||| READING scroll labelled LUAREAPYHE.
  2184 | D:3      | 2184 ||| READING scroll labelled PESEOZO ZASOGH.
  2185 | D:3      | 2185 ||| DRINKING 2 sapphire potions.
  2186 | D:3      | 2186 ||| DROPPING potion of flight.
  2198 | D:4      | Noticed a scorpion
  2199 | D:4      | 2199 ||| PLANNING SEWER
  2207 | D:4      | 2207 ||| STAIRDANCE
  2212 | D:3      | Killed a scorpion
  2213 | D:3      | Reached skill level 5 in Axes
  2213 | D:3      | Reached XP level 5. HP: 31/32 MP: 5/5
  2231 | D:4      | Reached XP level 6. HP: 33/38 MP: 6/6
  2251 | D:4      | 2251 ||| DROPPING +0 whip.
  2453 | D:4      | Noticed Ijyb
  2454 | D:4      | 2454 ||| Stepping ~*~*~tactically~*~*~ (hiding).
  2473 | D:4      | Killed Ijyb
  2736 | D:4      | Found a glowing drain.
  2745 | Sewer    | Entered a sewer
  2747 | Sewer    | 2747 ||| Stepping ~*~*~tactically~*~*~ (stealth).
  2752 | Sewer    | 2752 ||| Stepping ~*~*~tactically~*~*~ (stealth).
  2759 | Sewer    | 2759 ||| Stepping ~*~*~tactically~*~*~ (water).
  2840 | Sewer    | Reached skill level 6 in Axes
  2840 | Sewer    | Reached XP level 7. HP: 43/43 MP: 7/7
  2860 | Sewer    | 2860 ||| Stepping ~*~*~tactically~*~*~ (hiding).
  2938 | Sewer    | 2938 ||| Stepping ~*~*~tactically~*~*~ (water).
  3011 | Sewer    | 3011 ||| Stepping ~*~*~tactically~*~*~ (water).
  3121 | Sewer    | 3121 ||| READING scroll labelled YMUFILL PUYR.
  3122 | Sewer    | 3122 ||| READING scroll labelled UGUARUU LUHAMIL.
  3123 | Sewer    | 3123 ||| READING scroll labelled ULLOILI JIGUM.
  3124 | Sewer    | 3124 ||| DRINKING 4 fuming pink potions.
  3136 | D:4      | 3136 ||| PLANNING D:1-11
  3188 | D:5      | Entered Level 5 of the Dungeon
  3243 | D:5      | 3243 ||| Stepping ~*~*~tactically~*~*~ (hiding).
  3244 | D:5      | 3244 ||| Stepping ~*~*~tactically~*~*~ (hiding).
  3334 | D:5      | Found a staircase to the Ecumenical Temple.
  3335 | D:5      | 3335 ||| PLANNING TEMPLE
  3335 | D:5      | 3335 ||| UPGRADING to +0 pair of boots.
  3343 | D:5      | Noticed Eustachio
  3362 | D:5      | Killed Eustachio
  3363 | D:5      | Reached skill level 7 in Axes
  3369 | Temple   | Entered the Ecumenical Temple
  3406 | Temple   | 3406 ||| PLANNING D:1-11
  3529 | D:5      | Found an iron altar of Okawaru.
  3529 | D:5      | Found a bloodstained altar of Trog.
  3530 | D:5      | 3530 ||| PLANNING OKAWARU WORSHIP
  3544 | D:5      | 3544 ||| READING scroll labelled SONACLUKHLA.
  3553 | D:5      | 3553 ||| READING 2 scrolls of identify.
  3553 | D:5      | 3553 ||| IDENTIFYING puce potion
  3554 | D:5      | Became a worshipper of Warmaster Okawaru
  3554 | D:5      | 3554 ||| PLANNING D:1-11
  3598 | D:5      | Reached XP level 8. HP: 48/48 MP: 8/8
  3810 | D:5      | Reached skill level 1 in Dodging
  3888 | D:5      | 3888 ||| Stepping ~*~*~tactically~*~*~ (hiding).
  3897 | D:5      | 3897 ||| FLEEEEING.
  3901 | D:5      | 3901 ||| FLEEEEING.
  3905 | D:5      | 3905 ||| FLEEEEING.
  3906 | D:5      | 3906 ||| STAIRDANCE
  3925 | D:4      | 3925 ||| UPGRADING to +2 pair of boots.
  3935 | D:4      | 3935 ||| DROPPING +0 pair of boots.
  3936 | D:4      | 3936 ||| UPGRADING to +6 ring of dexterity.
  4097 | D:5      | 4097 ||| DRINKING 2 clear potions.
  4098 | D:5      | 4098 ||| DROPPING potion of brilliance.
  4200 | D:6      | 4200 ||| Stepping ~*~*~tactically~*~*~ (hiding).
  4207 | D:6      | Reached * piety under Okawaru
  4208 | D:6      | Reached skill level 8 in Axes
  4208 | D:6      | 4208 ||| INVOKING Heroism.
  4245 | D:6      | 4245 ||| INVOKING Heroism.
  4250 | D:6      | Reached skill level 1 in Invocations
  4284 | D:6      | Identified the +6 sling "Killer Klown's Foe" {drain, rF+
                  | Dex+5}
  4456 | D:6      | Found Vutif's Antique Weapon Boutique.
  4525 | D:6      | 4525 ||| READING 2 scrolls of identify.
  4525 | D:6      | 4525 ||| IDENTIFYING coppery potion
  4526 | D:6      | 4526 ||| DROPPING potion of degeneration.
  4538 | D:7      | Noticed Pikel
  4539 | D:7      | 4539 ||| INVOKING Heroism.
  4556 | D:7      | 4556 ||| STAIRDANCE
  4566 | D:6      | Killed Pikel
  4567 | D:6      | Reached XP level 9. HP: 31/57 MP: 9/9
  4707 | D:7      | Found a stormy altar of Qazlal.
  4711 | D:7      | Reached ** piety under Okawaru
  4730 | D:7      | 4730 ||| Stepping ~*~*~tactically~*~*~ (stealth).
  4762 | D:7      | 4762 ||| INVOKING Heroism.
  4802 | D:7      | 4802 ||| Stepping ~*~*~tactically~*~*~ (hiding).
  4806 | D:7      | 4806 ||| INVOKING Heroism.
  4810 | D:7      | Reached skill level 3 in Invocations
  4982 | D:7      | Noticed Menkaure
  4983 | D:7      | 4983 ||| Stepping ~*~*~tactically~*~*~ (hiding).
  4986 | D:7      | 4986 ||| INVOKING Heroism.
  4995 | D:7      | Killed Menkaure
  5087 | D:7      | 5087 ||| INVOKING Heroism.
  5095 | D:7      | Reached skill level 9 in Axes
  5185 | D:7      | 5185 ||| Stepping ~*~*~tactically~*~*~ (stealth).
  5191 | D:7      | 5191 ||| Stepping ~*~*~tactically~*~*~ (hiding).
  5192 | D:7      | 5192 ||| Stepping ~*~*~tactically~*~*~ (hiding).
  5193 | D:7      | 5193 ||| Stepping ~*~*~tactically~*~*~ (hiding).
  5194 | D:7      | 5194 ||| Stepping ~*~*~tactically~*~*~ (hiding).
  5202 | D:7      | 5202 ||| Stepping ~*~*~tactically~*~*~ (stealth).
  5564 | D:7      | 5564 ||| INVOKING Heroism.
  5636 | D:7      | 5636 ||| INVOKING Heroism.
  5653 | D:7      | 5653 ||| Stepping ~*~*~tactically~*~*~ (hiding).
  5656 | D:7      | 5656 ||| Stepping ~*~*~tactically~*~*~ (hiding).
  5901 | D:8      | Reached skill level 6 in Armour
  5901 | D:8      | Reached XP level 10. HP: 51/63 MP: 13/13
  5902 | D:8      | 5902 ||| FLEEEEING.
  5903 | D:8      | 5903 ||| FLEEEEING.
  5904 | D:8      | 5904 ||| STAIRDANCE
  5944 | D:8      | 5944 ||| INVOKING Heroism.
  5988 | D:8      | 5988 ||| FLEEEEING.
  5992 | D:8      | 5992 ||| STAIRDANCE
  6054 | D:8      | 6054 ||| INVOKING Heroism.
  6109 | D:8      | 6109 ||| Stepping ~*~*~tactically~*~*~ (stealth).
  6175 | D:8      | 6175 ||| Stepping ~*~*~tactically~*~*~ (stealth).
  6181 | D:8      | 6181 ||| Stepping ~*~*~tactically~*~*~ (hiding).
  6403 | D:8      | Found Siossez's General Store.
  6413 | D:8      | 6413 ||| BUYING +2 scale mail of cold resistance (315
                  | gold).
  6413 | D:8      | Bought a +2 scale mail of cold resistance for 315 gold
                  | pieces
  6413 | D:8      | 6413 ||| BUYING potion of heal wounds (75 gold).
  6413 | D:8      | Bought a potion of heal wounds for 75 gold pieces
  6413 | D:8      | 6413 ||| SHOPLISTING ring of see invisible (225 gold, have
                  | 75).
  6413 | D:8      | 6413 ||| BUYING scroll of identify (30 gold).
  6413 | D:8      | Bought a scroll of identify for 30 gold pieces
  6435 | D:8      | Found Laicvui's Weapon Shoppe.
  6449 | D:8      | 6449 ||| SHOPLISTING +6 flail of Bodily Harmony {flame, Fly
                  | rC- rN+ SInv} (702 gold, have 62).
  6458 | D:8      | Reached skill level 10 in Axes
  6568 | D:8      | Found a snail-covered altar of Cheibriados.
  6664 | D:8      | 6664 ||| Stepping ~*~*~tactically~*~*~ (hiding).
  6665 | D:8      | 6665 ||| Stepping ~*~*~tactically~*~*~ (hiding).
  6710 | D:8      | Found a glowing silver altar of Zin.
  6713 | D:8      | Found a broken altar of Ashenzari.
  6760 | D:8      | Reached *** piety under Okawaru
  6843 | D:8      | 6843 ||| UPGRADING to +0 kite shield.
  6853 | D:8      | 6853 ||| DROPPING +0 buckler.
  6854 | D:8      | 6854 ||| UPGRADING to +2 helmet.
  6859 | D:8      | 6859 ||| READING scroll labelled UDE OLEERIHO.
  6860 | D:8      | 6860 ||| DRINKING 2 bubbling black potions.
  6861 | D:8      | 6861 ||| READING 2 scrolls of identify.
  6861 | D:8      | 6861 ||| IDENTIFYING fuming grey potion
  6862 | D:8      | 6862 ||| DROPPING potion of invisibility.
  6895 | D:9      | Noticed a cyclops
  6896 | D:9      | 6896 ||| Stepping ~*~*~tactically~*~*~ (stealth).
  6897 | D:9      | 6897 ||| Stepping ~*~*~tactically~*~*~ (stealth).
  6899 | D:9      | 6899 ||| Stepping ~*~*~tactically~*~*~ (hiding).
  6902 | D:9      | 6902 ||| INVOKING Heroism.
  6906 | D:9      | Killed a cyclops
  6906 | D:9      | Received a gift from Okawaru
  6920 | D:9      | Reached skill level 6 in Shields
  6987 | D:9      | Found a basalt altar of Yredelemnul.
  7156 | D:9      | 7156 ||| Stepping ~*~*~tactically~*~*~ (hiding).
  7169 | D:9      | Noticed a cyclops
  7170 | D:9      | 7170 ||| INVOKING Heroism.
  7172 | D:9      | 7172 ||| Stepping ~*~*~tactically~*~*~ (hiding).
  7173 | D:9      | 7173 ||| Stepping ~*~*~tactically~*~*~ (hiding).
  7181 | D:9      | Killed a cyclops
  7181 | D:9      | Reached **** piety under Okawaru
  7197 | D:9      | Found a flagged portal.
  7235 | D:9      | 7235 ||| INVOKING Heroism.
  7284 | D:9      | 7284 ||| Stepping ~*~*~tactically~*~*~ (stealth).
  7288 | D:9      | Found a staircase to the Orcish Mines.
  7298 | D:9      | Reached skill level 3 in Throwing
  7364 | D:9      | 7364 ||| Stepping ~*~*~tactically~*~*~ (hiding).
  7365 | D:9      | 7365 ||| Stepping ~*~*~tactically~*~*~ (hiding).
  7367 | D:9      | 7367 ||| Stepping ~*~*~tactically~*~*~ (hiding).
  7675 | D:9      | 7675 ||| READING scroll labelled ZANKASTRE MOELO.
  7676 | D:9      | 7676 ||| READING scroll labelled EFY ASHOBRY.
  7677 | D:9      | 7677 ||| DRINKING 2 amethyst potions.
  7699 | D:10     | Entered Level 10 of the Dungeon
  7720 | D:10     | 7720 ||| INVOKING Heroism.
  7723 | D:10     | Received a gift from Okawaru
  7724 | D:10     | Reached XP level 11. HP: 68/68 MP: 11/14
  7797 | D:10     | 7797 ||| Stepping ~*~*~tactically~*~*~ (stealth).
  7804 | D:10     | 7804 ||| Stepping ~*~*~tactically~*~*~ (stealth).
  7847 | D:10     | Found a shimmering altar of Xom.
  7905 | D:10     | 7905 ||| Stepping ~*~*~tactically~*~*~ (hiding).
  7950 | D:10     | Found a burning altar of Makhleb.
  8044 | D:10     | 8044 ||| INVOKING Heroism.
  8049 | D:10     | Reached skill level 9 in Shields
  8054 | D:10     | 8054 ||| Stepping ~*~*~tactically~*~*~ (hiding).
  8058 | D:10     | 8058 ||| Stepping ~*~*~tactically~*~*~ (cloud).
  8064 | D:10     | 8064 ||| Stepping ~*~*~tactically~*~*~ (cloud).
  8073 | D:10     | 8073 ||| INVOKING Heroism.
  8123 | D:10     | 8123 ||| INVOKING Heroism.
  8218 | D:10     | Found a staircase to the Lair.
  8309 | D:10     | 8309 ||| Stepping ~*~*~tactically~*~*~ (hiding).
  8313 | D:10     | Found a shadowy altar of Dithmenos.
  8565 | D:10     | 8565 ||| PLANNING LAIR
  8565 | D:10     | 8565 ||| READING 2 scrolls of identify.
  8565 | D:10     | 8565 ||| IDENTIFYING pink potion
  8667 | Lair:1   | Entered Level 1 of the Lair of Beasts
  8734 | Lair:1   | 8734 ||| INVOKING Heroism.
  8892 | Lair:1   | 8892 ||| INVOKING Heroism.
  8921 | Lair:1   | Reached skill level 6 in Invocations
  9006 | Lair:1   | 9006 ||| INVOKING Heroism.
  9017 | Lair:1   | Reached skill level 11 in Axes
  9333 | Lair:1   | 9333 ||| READING scroll labelled KIYMMI RAOF.
  9447 | Lair:2   | 9447 ||| INVOKING Heroism.
  9479 | Lair:2   | Reached ***** piety under Okawaru
  9488 | Lair:2   | Found a staircase to the Snake Pit.
  9514 | Lair:2   | 9514 ||| Stepping ~*~*~tactically~*~*~ (hiding).
  9651 | Lair:2   | 9651 ||| Stepping ~*~*~tactically~*~*~ (stealth).
  9727 | Lair:2   | 9727 ||| Stepping ~*~*~tactically~*~*~ (stealth).
  9728 | Lair:2   | 9728 ||| Stepping ~*~*~tactically~*~*~ (stealth).
  9808 | Lair:2   | 9808 ||| INVOKING Heroism.
  9819 | Lair:2   | Reached XP level 12. HP: 73/73 MP: 15/17
  9841 | Lair:2   | 9841 ||| INVOKING Heroism.
  9845 | Lair:2   | Received a gift from Okawaru
  9912 | Lair:2   | 9912 ||| INVOKING Heroism.
 10023 | Lair:2   | 10023 ||| Stepping ~*~*~tactically~*~*~ (stealth).
 10024 | Lair:2   | 10024 ||| INVOKING Heroism.
 10025 | Lair:2   | 10025 ||| Stepping ~*~*~tactically~*~*~ (stealth).
 10039 | Lair:2   | Reached skill level 9 in Invocations
 10058 | Lair:2   | Reached skill level 9 in Fighting
 10569 | Lair:2   | Found a staircase to the Shoals.
 10797 | Lair:3   | 10797 ||| Stepping ~*~*~tactically~*~*~ (stealth).
 10798 | Lair:3   | 10798 ||| Stepping ~*~*~tactically~*~*~ (stealth).
 10811 | Lair:3   | 10811 ||| INVOKING Heroism.
 10883 | Lair:3   | 10883 ||| Stepping ~*~*~tactically~*~*~ (stealth).
 10884 | Lair:3   | 10884 ||| Stepping ~*~*~tactically~*~*~ (stealth).
 10940 | Lair:3   | 10940 ||| INVOKING Heroism.
 10941 | Lair:3   | 10941 ||| Stepping ~*~*~tactically~*~*~ (stealth).
 10971 | Lair:3   | 10971 ||| INVOKING Finesse.
 10982 | Lair:3   | Identified the +1 quarterstaff of Asceticism {freeze, rN+
                  | rCorr Dex+4} (Okawaru gifted it to you on level 3 of the
                  | Lair of Beasts)
 10982 | Lair:3   | Received a gift from Okawaru
 11200 | Lair:3   | 11200 ||| INVOKING Heroism.
 11209 | Lair:3   | Noticed an eight-headed hydra
 11210 | Lair:3   | 11210 ||| INVOKING Finesse.
 11221 | Lair:3   | 11221 ||| SWAPPING to +0 flail.
 11226 | Lair:3   | Killed an eight-headed hydra
 11227 | Lair:3   | Reached skill level 12 in Axes
 11227 | Lair:3   | 11227 ||| SWAPPING to +1 war axe of electrocution.
 11330 | Lair:3   | 11330 ||| INVOKING Heroism.
 11335 | Lair:3   | 11335 ||| Stepping ~*~*~tactically~*~*~ (stealth).
 11482 | Lair:3   | Noticed a catoblepas
 11483 | Lair:3   | 11483 ||| INVOKING Heroism.
 11484 | Lair:3   | Noticed a catoblepas
 11492 | Lair:3   | Killed a catoblepas
 11493 | Lair:3   | Reached skill level 9 in Armour
 11493 | Lair:3   | Reached XP level 13. HP: 27/80 MP: 18/20
 11499 | Lair:3   | HP: 15/80 [manticore (8)]
 11500 | Lair:3   | 11500 ||| READING 10 scrolls of teleportation.
 11501 | Lair:3   | 11501 ||| DRINKING 3 potions of heal wounds.
 11548 | Lair:3   | 11548 ||| FLEEEEING.
 11549 | Lair:3   | 11549 ||| FLEEEEING.
 11560 | Lair:3   | 11560 ||| FLEEEEING.
 11561 | Lair:3   | 11561 ||| FLEEEEING.
 11571 | Lair:3   | 11571 ||| STAIRDANCE
 11659 | Lair:2   | 11659 ||| READING scroll labelled IRGHUZA DOIJY.
 11660 | Lair:2   | 11660 ||| READING 3 scrolls labelled ISECVAPOTA.
 11661 | Lair:2   | 11661 ||| READING 2 scrolls of enchant armour.
 11661 | Lair:2   | 11661 ||| ENCHANTING +0 cloak.
 11662 | Lair:2   | 11662 ||| READING scroll of enchant armour.
 11662 | Lair:2   | 11662 ||| ENCHANTING +1 cloak.
 11663 | Lair:2   | 11663 ||| READING scroll labelled RAPPEXAODGH.
 11663 | Lair:2   | Identified a scroll of acquirement
 11663 | Lair:2   | 11663 ||| ACQUIRING +2 hat of the First Gazing Loafs {rN+
                  | Will+}
 11663 | Lair:2   | Acquired the +2 hat of the First Gazing Loafs {rN+ Will+}
 11665 | Lair:2   | 11665 ||| UPGRADING to +2 hat of the First Gazing Loafs
                  | {rN+ Will+}.
 11675 | Lair:2   | 11675 ||| READING 2 scrolls of identify.
 11675 | Lair:2   | 11675 ||| IDENTIFYING white potion
 11694 | Lair:3   | 11694 ||| SWAPPING to +0 broad axe.
 11695 | Lair:3   | 11695 ||| DROPPING +1 war axe of electrocution.
 11757 | Lair:3   | 11757 ||| Stepping ~*~*~tactically~*~*~ (hiding).
 11758 | Lair:3   | 11758 ||| INVOKING Heroism.
 11765 | Lair:3   | Reached skill level 3 in Dodging
 11947 | Lair:3   | Noticed Amaemon
 11948 | Lair:3   | 11948 ||| Stepping ~*~*~tactically~*~*~ (hiding).
 11950 | Lair:3   | 11950 ||| INVOKING Heroism.
 11960 | Lair:3   | Killed Amaemon
 11986 | Lair:3   | 11986 ||| DROPPING +0 flail.
 12138 | Lair:3   | 12138 ||| UPGRADING to +0 pair of gloves.
 12143 | Lair:3   | 12143 ||| DROPPING amulet of magic regeneration.
 12144 | Lair:3   | 12144 ||| READING 2 scrolls of identify.
 12144 | Lair:3   | 12144 ||| IDENTIFYING grey potion
 12278 | Lair:4   | 12278 ||| Stepping ~*~*~tactically~*~*~ (stealth).
 12407 | Lair:4   | 12407 ||| Stepping ~*~*~tactically~*~*~ (stealth).
 12409 | Lair:4   | 12409 ||| Stepping ~*~*~tactically~*~*~ (stealth).
 12411 | Lair:4   | 12411 ||| Stepping ~*~*~tactically~*~*~ (stealth).
 12414 | Lair:4   | 12414 ||| Stepping ~*~*~tactically~*~*~ (stealth).
 12513 | Lair:4   | 12513 ||| Stepping ~*~*~tactically~*~*~ (hiding).
 12855 | Lair:4   | 12855 ||| INVOKING Heroism.
 12869 | Lair:4   | Received a gift from Okawaru
 12884 | Lair:4   | 12884 ||| Stepping ~*~*~tactically~*~*~ (stealth).
 12886 | Lair:4   | 12886 ||| Stepping ~*~*~tactically~*~*~ (stealth).
 12896 | Lair:4   | 12896 ||| Stepping ~*~*~tactically~*~*~ (stealth).
 12897 | Lair:4   | 12897 ||| Stepping ~*~*~tactically~*~*~ (stealth).
 12902 | Lair:4   | 12902 ||| Stepping ~*~*~tactically~*~*~ (stealth).
 12903 | Lair:4   | 12903 ||| Stepping ~*~*~tactically~*~*~ (stealth).
 12904 | Lair:4   | 12904 ||| Stepping ~*~*~tactically~*~*~ (stealth).
 12908 | Lair:4   | 12908 ||| INVOKING Heroism.
 13496 | Lair:5   | Entered Level 5 of the Lair of Beasts
 13507 | Lair:5   | Noticed Josephine
 13515 | Lair:5   | 13515 ||| INVOKING Heroism.
 13519 | Lair:5   | Killed Josephine
 13537 | Lair:5   | 13537 ||| INVOKING Finesse.
 13537 | Lair:5   | HP: 16/82 [polar bear (21)]
 13538 | Lair:5   | 13538 ||| READING 9 scrolls of teleportation.
 13538 | Lair:5   | HP: 7/82 [polar bear (10)]
 13538 | Lair:5   | Slain by a polar bear

Levels and vault maps discovered:
D:1:      amcnicky_arrival_underground_garden, layout_loops_cross,
          hellmonk_ecumenical_altar_lost_god, chequers_big_river
D:2:      layout_basic, ebering_dispersal_statue_hall
D:3:      layout_basic, mainiacjoe_overflow_swirl, minmay_goblin_outpost
D:4:      layout_cave_pools, portal_sewer_entry_d, uniq_ijyb
D:5:      layout_basic, grunt_temple_overflow_bloody_war,
          minmay_temple_entry_statues_fountains, uniq_crazy_yiuf_cottage,
          uniq_eustachio
D:6:      layout_basic, serial_shops, shop_fountains,
          minmay_misc_feat_secret_circle
D:7:      layout_layer_cave, mainiacjoe_overflow_alcove_2,
          minmay_fractal_squares_5, uniq_menkaure, uniq_pikel
D:8:      layout_cave_pools, chei_slow_surprise, minitemple, serial_gnoll_camp,
          gnoll_camp_mini_doghouse, gnoll_camp_huts_basic, gnoll_camp_mini_shop,
          gnoll_camp_mini_shop
D:9:      layout_cave_pools, yredelemnul_altar_generic, david_orc_5,
          enter_bailey_5, minivault_23, chequers_serial_rivers_micro_b,
          chequers_mini_garden
D:10:     layout_loops_ring, mainiacjoe_overflow_six_doors_small,
          bloody_makhleb, grunt_dithmenos_smoke, erik_lair_dragon,
          hellmonk_bongcloud_opening
Temple:   nicolae_temple_ecumenical_triangle
Lair:1:   layout_long_grid, grunt_megastairs_3, infiniplex_staircase_pool_2
Lair:2:   layout_cave_pods, elwin_shoals_entry_rooms,
          minmay_snake_entry_six_corridors
Lair:3:   nzn_motion_control, layout_regular_city, uniq_amaemon
Lair:4:   layout_layer_cave
Lair:5:   minmay_lair_end_frog_pond, layout_loops_ring, slime_entry_1,
          cheibrodos_lair_lostbears, uniq_josephine

Skill      XL: |  1  2  3  4  5  6  7  8  9 10 11 12 13 |
---------------+----------------------------------------+-----
Axes           | 2 3 5 6 7 8 9 10 11 12 | 12.6
Fighting       | 4 7 8 9 10 | 10.0
Throwing       | 2 3 4 |  4.1
Armour         | 4 5 6 8 9 |  9.0
Dodging        | 1 2 3 |  3.2
Invocations    | 1 4 7 10 | 10.0
Shields        | 4 8 9 10 | 10.8

Action                     |  1- 3 |  4- 6 |  7- 9 | 10-12 | 13-15 || total
---------------------------+-------+-------+-------+-------+-------++-------
  Melee: War axe           |    70 |   156 |   261 |   532 |     8 ||  1027
         Flail             |       |       |       |     5 |       ||     5
         Broad axe         |       |       |       |       |   180 ||   180
  Throw: Boomerang         |       |    13 |    45 |    77 |    10 ||   145
         Javelin           |       |       |       |    10 |     1 ||    11
 Invoke: Heroism           |       |       |     9 |    22 |     5 ||    36
         Finesse           |       |       |       |     2 |     1 ||     3
    Use: Scroll            |     1 |     4 |     6 |     6 |     9 ||    26
         Potion            |       |     1 |     2 |     2 |     1 ||     6
   Stab: Invisible         |       |       |       |     3 |       ||     3
 Armour: Scale mail        |    15 |       |       |       |       ||    15
         Plate armour      |    16 |    97 |   164 |   248 |   105 ||   630
  Dodge: Dodged            |    40 |    40 |    71 |   131 |    70 ||   352
  Block: Buckler           |     9 |    49 |   123 |    77 |       ||   258
         Reflection        |       |       |     6 |    16 |     1 ||    23
         Kite shield       |       |       |       |   318 |   201 ||   519

Table legend:
 A = Non-vault XP
 B = Vault XP
 C = Vault XP percentage of total XP
 D = Non-vault monster count
 E = Vault monster count
 F = Vault count percentage of total count
                 A         B        C        D         E       F
            +---------+---------+-------+---------+---------+-------
      Total |   31311 |   11595 |  27.0 |     287 |     114 |  28.4
            +---------+---------+-------+---------+---------+-------
        D:1 |      39 |       0 |   0.0 |      22 |       0 |   0.0
        D:2 |      44 |       0 |   0.0 |       6 |       0 |   0.0
        D:3 |     156 |      12 |   7.1 |      19 |       6 |  24.0
        D:4 |     272 |      48 |  15.0 |      17 |       2 |  10.5
        D:5 |     697 |     199 |  22.2 |      24 |       2 |   7.7
        D:6 |     595 |     593 |  49.9 |      14 |       1 |   6.7
        D:7 |     947 |     551 |  36.8 |      18 |      10 |  35.7
        D:8 |    1278 |     676 |  34.6 |      21 |      26 |  55.3
        D:9 |    2280 |     531 |  18.9 |      32 |      26 |  44.8
       D:10 |     768 |    1852 |  70.7 |      16 |       6 |  27.3
     Lair:1 |    2948 |     761 |  20.5 |      16 |       4 |  20.0
     Lair:2 |    9295 |     719 |   7.2 |      33 |       3 |   8.3
     Lair:3 |    5667 |    3916 |  40.9 |      21 |       6 |  22.2
     Lair:4 |    5885 |       0 |   0.0 |      26 |       0 |   0.0
     Lair:5 |     440 |    1487 |  77.2 |       2 |       4 |  66.7
      Sewer |       0 |     250 | 100.0 |       0 |      18 | 100.0
            +---------+---------+-------+---------+---------+-------
